 Dungeon Crawl Stone Soup version 0.30.1-3-gfc49f6343a (webtiles) character file.

Game seed: 3289981749401968076

70 MiracleSuffusion the Cudgeller (level 4, 0/40 HPs)
             Began as a Minotaur Berserker on July 18, 2023.
             Was a Follower of Trog.
             Slain by a gnoll
             ... wielding a +0 spear
              (5 damage)
             ... on level 2 of the Dungeon.
             The game lasted 00:03:41 (823 turns).

MiracleSuffusion the Cudgeller (Minotaur Berserker)  Turns: 823, Time: 00:03:42

Health: 0/40       AC:  3    Str: 24    XL:     4   Next: 4%
Magic:  3/3        EV: 10    Int:  4    God:    Trog [*.....]
Gold:   78         SH:  0    Dex:  9    Spells: 3/3 levels left

rFire   . . .        a - +0 mace
rCold   . . .        (no shield)
rNeg    . . .        g - +0 scale mail
rPois   .            (helmet unavailable)
rElec   .            (no cloak)
rCorr   .            (no gloves)
SInv    .            (no boots)
Will    .....        (no amulet) Stlth
                     (no ring)
HPRegen 0.26/turn    (no ring)
MPRegen 0.08/turn

%: no passive effects
@: on berserk cooldown, attractive
A: horns 3, retaliatory headbutt, deformed body, deterioration 1
a: Renounce Religion, Berserk


You were on level 2 of the Dungeon.
You worshipped Trog.
Trog was aware of your devotion.
You visited 1 branch of the dungeon, and saw 2 of its levels.

You collected 78 gold pieces.

Inventory:

Hand Weapons
 a - a +0 mace (weapon)
Missiles
 d - 6 stones (quivered)
Armour
 b - a +0 animal skin
 g - a +0 scale mail (worn)
Potions
 c - a potion of brilliance {unknown}
 e - a potion of curing {unknown}
 f - a potion of mutation
 h - a potion of berserk rage {unknown}
 i - a potion of attraction


   Skills:
 - Level 4.0 Fighting
 * Level 5.7 Maces & Flails
 - Level 2.4 Armour
 - Level 2.1 Dodging


You had 3 spell levels left.
You didn't know any spells.
Your spell library was empty.

Dungeon Overview and Level Annotations

Branches:
Dungeon (2/15)

Altars:


Innate Abilities, Weirdness & Mutations

You have a pair of large horns on your head.
You reflexively headbutt those who attack you in melee.
Armour fits poorly on your strangely shaped body.
Your body sometimes deteriorates upon taking damage.


Message History

The frilled lizard closely misses you. You furiously retaliate!
You headbutt the frilled lizard!
You kill the frilled lizard!
Trog accepts your kill. The gnoll hits you but does no damage.
You feel yourself speed up. The gnoll barely misses you.
The gnoll hits you with a +0 spear.
You hit the gnoll. You headbutt the gnoll.
The gnoll is heavily wounded.
The gnoll barely misses you.
The gnoll hits you from afar with a +0 spear.
You hit the gnoll but do no damage.
The gnoll is heavily wounded.
The gnoll hits you from afar with a +0 spear.
The gnoll hits you with a +0 spear. The gnoll completely misses you.
You furiously retaliate!
You headbutt the gnoll!
You are too injured to fight recklessly!
You are too injured to fight recklessly!
You completely miss the gnoll. You headbutt the gnoll.
You kill the gnoll!
Trog accepts your kill.
The gnoll hits you from afar with a +0 spear.
The gnoll hits you with a +0 spear.
* * * LOW HITPOINT WARNING * * *
You have reached level 4!
You feel stronger.
Unknown command.
It was a potion of mutation.
You feel extremely strange.
Your body twists and deforms.
You feel yourself wasting away. The horns on your head grow some more.
The gnoll hits you with a +0 spear.
* * * LOW HITPOINT WARNING * * *
The gnoll hits you from afar with a +0 spear.
* * * LOW HITPOINT WARNING * * *
You aren't carrying any scrolls.
It was a potion of attraction.
You feel attractive to monsters.
The gnoll hits you from afar with a +0 spear.
You die...

...............
#.............
#.............
#.g)†........
#............
###+#....### #.g..# ..
#..).# # .... ##@g.# ...
....############.###.....
..................†......
....#.#....#.#######.....
##........#.# ###
#........##.#
.#...#..#....#
.#.#...†#.#### #
...#<...#.####.).


You could see 2 gnolls.

Vanquished Creatures
  Natasha (D:2)
  2 gnolls (D:2)
  A dart slug (D:2)
  2 ball pythons (D:1)
  3 bats
  3 endoplasms (D:1)
  A giant cockroach (D:1)
  A goblin (D:1)
  4 hobgoblins
  3 frilled lizards
  A kobold (D:1)
  3 rats (D:1)
25 creatures vanquished.

Notes
Turn   | Place    | Note
-------+----------+-------------------------------------------
     0 | D:1      | MiracleSuffusion the Minotaur Berserker began the quest for
                  | the Orb.
     0 | D:1      | Reached XP level 1. HP: 19/19 MP: 0/0
   316 | D:1      | Reached skill level 4 in Maces & Flails
   316 | D:1      | Reached XP level 2. HP: 27/27 MP: 1/1
   775 | D:2      | Noticed Natasha
   785 | D:2      | Killed Natasha
   786 | D:2      | Reached skill level 5 in Maces & Flails
   786 | D:2      | Reached XP level 3. HP: 33/33 MP: 2/2
   822 | D:2      | Reached XP level 4. HP: 9/40 MP: 3/3
   822 | D:2      | Gained mutation: Armour fits poorly on your strangely
                  | shaped body. [potion of mutation]
   822 | D:2      | Gained mutation: Your body sometimes deteriorates upon
                  | taking damage. [potion of mutation]
   822 | D:2      | Gained mutation: You have a pair of large horns on your
                  | head. [potion of mutation]
   823 | D:2      | Slain by a gnoll

Illustrated notes

Levels and vault maps discovered:
D:1:      co_arrival_random_square_maze, layout_basic
D:2:      layout_basic, serial_glass, glass_columns_b, glass_columns_a,
          glass_columns_c, glass_columns_c, glass_columns_b, glass_columns_b,
          reono_crystal_passage, uniq_robin, uniq_natasha

Skill      XL: |  1  2 |
---------------+-------+-----
Fighting       | 4 |  4.0
Maces & Flails | 4 5 |  5.7
Armour         | |  2.4
Dodging        | |  2.1

Action                     |  1- 3 |  4- 6 || total
---------------------------+-------+-------++-------
  Melee: Mace              |    43 |       ||    43
         Headbutt          |     8 |       ||     8
 Invoke: Berserk           |     1 |       ||     1
    Use: Potion            |       |     2 ||     2
 Armour: Animal skin       |     6 |       ||     6
         Scale mail        |     5 |       ||     5
  Dodge: Dodged            |    25 |       ||    25
